 Dungeon Crawl Stone Soup version 0.30-a0-1074-g5db6f66fbb (webtiles) character file.

Game seed: 9552545790288539421

92 Arzdou the Trooper (level 4, -1/29 HPs)
             Began as a Gargoyle Fighter on Apr 13, 2023.
             Slain by an orc priest
             ... wielding a +0 short sword
              (2 damage)
             ... on level 3 of the Dungeon.
             The game lasted 00:04:08 (1672 turns).

Arzdou the Trooper (Gargoyle Fighter)               Turns: 1672, Time: 00:04:09

Health: -1/29      AC: 10    Str: 20    XL:     4   Next: 60%
Magic:  4/4        EV: 14    Int: 10    God:
Gold:   76         SH:  4    Dex:  9    Spells: 3/3 levels left

rFire   . . .      SeeInvis .    a - +0 flail
rCold   . . .      Faith    .    c - +0 buckler
rNeg    + . .      Spirit   .    b - +0 scale mail
rPois   ∞          Reflect  .    (no helmet)
rElec   +          Rampage  .    (no cloak)
rCorr   .                        (no gloves)
Will    +....                    (no boots) Stlth
                                 (no amulet)
HPRegen 0.24/turn                k - ring of willpower
MPRegen 0.09/turn                m - +5 ring of evasion

@: mighty, brilliant
A: sickness immunity, AC +3, negative energy resistance 1, electricity
resistance, torment resistance 1, petrification resistance
a: no special abilities


You were on level 3 of the Dungeon.
You visited 1 branch of the dungeon, and saw 3 of its levels.

You collected 76 gold pieces.

Inventory:

Hand Weapons
 a - a +0 flail (weapon)
Armour
 b - a +0 scale mail (worn)
 c - a +0 buckler (worn)
Jewellery
 k - a ring of willpower (left hand)
 m - a +5 ring of evasion (right hand)
Scrolls
 e - 2 scrolls of summoning {unknown}
 g - a scroll of brand weapon {unknown}
 i - a scroll of teleportation {unknown}
 j - 2 scrolls of identify {unknown}
 l - a scroll of amnesia {unknown}
Potions
 f - a potion of brilliance
 h - a potion of degeneration {unknown}


   Skills:
 + Level 3.9 Fighting
 * Level 3.5 Maces & Flails
 + Level 3.8 Armour
 + Level 0.3 Dodging
 + Level 3.5 Shields


You had 3 spell levels left.
You didn't know any spells.
Your spell library contained the following spells:

 Spells                   Type           Power      Damage    Failure   Level
 Magic Dart               Conj           0%         1d3       80%         1
 Call Imp                 Summ           0%         N/A       91%         2
 Mephitic Cloud           Conj/Pois/Air  0%         N/A       99%         3
 Stone Arrow              Conj/Erth      0%         3d7       99%         3
 Freezing Cloud           Conj/Ice/Air   0%         6-21      100%        5
 Ozocubu's Refrigeration  Ice            0%         4d7       100%        7


Dungeon Overview and Level Annotations

Branches:
Dungeon (3/15)

Altars:

Shops:
D:1 :   D:2 ?


Innate Abilities, Weirdness & Mutations

You are immune to sickness and miasma.
Your stone body is resilient. (AC +3)
You are immune to poison.
You resist negative energy. (rN+)
You are resistant to electric shocks. (rElec)
You are resistant to unholy torment.
You are immune to petrification.


Message History

The orc priest barely misses you.
You hit the orc priest but do no damage.
The orc priest mumbles some strange prayers to Beogh against you.
You resist with some effort.
You closely miss the orc priest.
The orc priest hits you but does no damage.
You barely miss the orc priest.
The orc priest hits you but does no damage.
The orc priest closely misses you.
You hit the orc priest but do no damage.
The orc priest hits you but does no damage.
You closely miss the orc priest.
The orc priest calls down the wrath of Beogh upon you.
Beogh smites you!
* * * LOW HITPOINT WARNING * * *
You completely miss the orc priest.
The orc priest hits you but does no damage.
You barely miss the orc priest.
The orc priest hits you with a +0 short sword.
* * * LOW HITPOINT WARNING * * *
The orc priest misses you.
You feel very mighty all of a sudden.
The orc priest hits you with a +0 short sword.
* * * LOW HITPOINT WARNING * * *
You hit the orc priest but do no damage.
The orc priest looks encouraged for a moment.
You hit the orc priest.
The orc priest is lightly wounded.
The orc priest casts a cantrip, but nothing happens.
You closely miss the orc priest.
The orc priest is lightly wounded.
The orc priest hits you with a +0 short sword.
* * * LOW HITPOINT WARNING * * *
It was a potion of brilliance.
You feel clever all of a sudden. The orc priest completely misses you.
You hit the orc priest.
The orc priest is moderately wounded.
The orc priest hits you with a +0 short sword.
You die...

#.########....#...........
#.......##....#......###.#
###.......##....#........#
#.........................
#####......###.##......#.#
#......###.#..........
#.....................
#...#.>.#.####.........
#...#........@.........
#.........####o....#...
#.........# #.........
.... #.)....### ....
....###.# ......[ .#
.......... # ...#......
.?.........


You could see an orc priest.

Vanquished Creatures
  3 adders (D:2)
  4 dart slugs
  4 orcs
  2 bats (D:2)
  3 endoplasms (D:1)
  7 goblins
  8 hobgoblins
  5 kobolds
  4 quokkas
  2 ball pythons (D:2)
  4 frilled lizards
  3 rats
49 creatures vanquished.

Notes
Turn   | Place    | Note
-------+----------+-------------------------------------------
     0 | D:1      | Arzdou the Gargoyle Fighter began the quest for the Orb.
     0 | D:1      | Reached XP level 1. HP: 14/14 MP: 1/1
   127 | D:1      | Found a faded altar of an unknown god.
   226 | D:1      | Reached XP level 2. HP: 20/20 MP: 2/2
   515 | D:1      | Reached XP level 3. HP: 24/24 MP: 3/3
   558 | D:1      | Found Goirphaurr's Book Emporium.
   943 | D:2      | Got the Compilation of the Frostbitten Valley
  1164 | D:2      | Reached XP level 4. HP: 25/29 MP: 4/4
  1320 | D:2      | Found Sokhae's Magic Scroll Emporium.
  1670 | D:3      | HP: 1/29 [orc priest/+0 short sword (2)]
  1672 | D:3      | Slain by an orc priest

Illustrated notes

Levels and vault maps discovered:
D:1:      lightli_molten_gateway, layout_basic, serial_shops, shop,
          hellmonk_ecumenical_altar_leap_of_faith, dreamdust_princess_bridge
D:2:      layout_loops_cross, serial_shops, nicolae_diamond_shop
D:3:      layout_basic, old_standard_altar, serial_shops, shop_fountains

Skill      XL: |  1  2  3 |
---------------+----------+-----
Maces & Flails | 3 |  3.5
Fighting       | |  3.9
Armour         | |  3.8
Dodging        | |  0.3
Shields        | |  3.5

Action                     |  1- 3 |  4- 6 || total
---------------------------+-------+-------++-------
  Melee: Flail             |   120 |    65 ||   185
    Use: Potion            |       |     2 ||     2
 Armour: Scale mail        |    61 |    41 ||   102
  Dodge: Dodged            |    52 |    34 ||    86
  Block: Buckler           |    17 |     7 ||    24

Table legend: (Time is in decaauts)
 A = Elapsed time spent in this place.
 B = Non-inter-level travel time spent in this place.
 C = Inter-level travel time spent in this place.
 D = Time resting spent in this place.
 E = Time spent auto-exploring this place.
 F = Levels seen in this place.
 G = Mean time per level.
                   A        B        C        D        E       F      G
               +--------+--------+--------+--------+--------+-----+--------+
         Total |   1725 |   1658 |     67 |      0 |   1252 |   3 |  575.0 |
       Dungeon |   1725 |   1658 |     67 |      0 |   1252 |   3 |  575.0 |
               +--------+--------+--------+--------+--------+-----+--------+

Top non-repeatable levels by time:
     D:1: 915 daAuts
     D:2: 702 daAuts
     D:3: 107 daAuts
